Map: Abyssal Reef LE

Players

Winthrowe - Winner!

  • Race: Terran Terran
  • League: Silver
  • Spawn Location: 11:00

A.I. 1 (Hard)

  • Race: Protoss Protoss
  • Spawn Location: 5:00

VOD

Have the link to the VOD?

Description

Time

  • Played on: Aug. 18, 2017, 9:18 p.m.
  • Length: 13:46
Show
View Real Time Build Order
Export as new Build Order

Winthrowe Terran - Winner!

Build Orders: Reaper Expand 

Get SALT Encoding   

  12  0:02  SCV  
  13  0:19  SCV  
  13  0:20  Supply Depot  
  14  0:27  Refinery  
  14  0:31  SCV  
  15  0:45  Barracks  
  15  0:47  SCV  
  16  0:59  SCV  
  17  1:12  SCV  
  18  1:24  SCV  
  19  1:44  Command Center  
  19  1:49  Supply Depot, Reaper  
  20  2:13  Refinery  
  20  2:18  SCV  
  20  2:21  Reaper  
  22  2:30  Orbital Command  
  22  2:48  Refinery  
  22  2:53  Reaper  
  23  3:09  Supply Depot  
  23  3:12  Refinery  
  23  3:22  Engineering Bay  
  23  3:24  Engineering Bay  
  21  3:45  Factory  
  21  3:48  Planetary Fortress  
  21  4:02  SCV  
  22  4:14  SCV  
  23  4:26  SCV  
  23  4:31  Barracks Reactor, Barracks  
  24  4:38  SCV  
  24  4:40  Bunker  
  25  4:49  SCV  
  25  4:50  SCV  
  27  5:01  SCV  
  27  5:03  SCV  
  27  5:06  Factory Tech Lab  
  29  5:13  SCV  
  30  5:15  SCV  
  30  5:18  Starport  
  31  5:25  SCV  
  31  5:27  SCV  
  33  5:29  Terran Infantry Weapons Level 1  
  33  5:37  Terran Infantry Armor Level 1, SCV  
  33  5:39  SCV  
  35  5:49  Barracks Tech Lab, SCV  
  36  5:51  SCV  
  36  5:56  Armory  
  37  6:05  Starport Reactor  
  37  6:10  SCV  
  37  6:11  SCV  
  39  6:22  SCV  
  39  6:23  SCV  
  41  6:34  SCV  
  41  6:35  SCV  
  46  6:41  Siege Tank  
  46  6:46  SCV  
  47  6:47  SCV  
  47  6:54  Concussive Shells  
  48  6:58  SCV  
  48  6:59  SCV  
  50  7:10  Viking  
  50  7:11  SCV  
  53  7:23  Neosteel Frame  
  53  7:24  Supply Depot  
  53  7:31  Building Armor  
  53  7:37  Stimpack  
  53  7:45  Viking x2, Siege Tank  
  53  7:47  Supply Depot  
  60  7:59  Supply Depot  
  60  8:00  Supply Depot  
  60  8:10  Supply Depot  
  60  8:15  Viking  
  60  8:18  Siege Tank, Marauder  
  67  8:20  Marine  
  67  8:21  Marine  
  67  8:23  Supply Depot  
  67  8:24  Supply Depot  
  69  8:32  Supply Depot  
  69  8:38  Marine x2  
  69  8:40  Marauder  
  73  8:41  Terran Infantry Weapons Level 2  
  73  8:49  Thor  
  79  8:56  Marine x2  
  79  9:01  Marauder  
  83  9:03  Command Center  
  83  9:04  Medivac x2  
  87  9:11  Terran Infantry Armor Level 2  
  87  9:14  Marine x2  
  89  9:22  Marauder  
  75  9:37  Combat Shields  
  71  9:44  Marauder  
  73  9:47  Marine  
  73  9:48  Marine  
  73  9:52  Siege Tank  
  78  9:55  Medivac  
  80  10:05  Marine, Marauder  
  80  10:06  Marine  
  84  10:15  Supply Depot  
  84  10:23  Marine  
  84  10:24  Marine, Siege Tank  
  84  10:27  Marauder  
  91  10:39  Supply Depot  
  91  10:41  Marine x2  
  93  10:48  Marauder  
  95  10:56  Cyclone  
  98  10:59  Viking x2, Marine x2  
  98  11:02  Supply Depot  
  104  11:09  Marauder  
  106  11:17  Marine x2  
  106  11:25  Supply Depot  
  100  11:28  Cyclone  
  100  11:31  Marauder  
  105  11:34  Marine  
  105  11:35  Marine  
  107  11:41  Viking  
  109  11:52  Marine, Marauder  
  109  11:53  Marine  
  113  12:00  Cyclone  
  116  12:10  Marine x2  
  116  12:14  Marauder  
  119  12:22  Medivac x2  
  121  12:28  Marine x2  
  125  12:32  Cyclone  
  125  12:35  Marauder  
  130  12:46  Marine x2  
  130  12:56  Marauder  
  131  13:02  Viking  
  131  13:03  Viking, Marine  
  131  13:04  Marine, Cyclone  
  136  13:18  Marauder  
  138  13:21  Marine  
  138  13:22  Marine  
Show
View Real Time Build Order
Export as new Build Order

A.I. 1 (Hard) Protoss 

Build Orders:  

Get SALT Encoding   

  12  0:01  Probe (Chrono Boost)  
  13  0:11  Probe (Chrono Boost)  
  14  0:20  Pylon  
  14  0:22  Probe (Chrono Boost)  
  15  0:38  Probe (Chrono Boost)  
  16  0:47  Assimilator  
  16  0:49  Probe (Chrono Boost)  
  17  0:50  Gateway  
  17  0:59  Probe (Chrono Boost)  
  17  1:01  Pylon  
  18  1:10  Probe (Chrono Boost)  
  19  1:22  Probe (Chrono Boost)  
  20  1:33  Zealot  
  22  1:42  Cybernetics Core  
  22  1:44  Gateway  
  22  1:47  Assimilator  
  22  2:03  Pylon  
  22  2:13  Warp Gate  
  22  2:17  Adept  
  24  2:30  Zealot  
  26  2:42  Stalker  
  26  2:48  Pylon  
  28  2:56  Adept  
  30  3:08  Probe (Chrono Boost)  
  30  3:11  Adept  
  31  3:19  Pylon  
  34  3:20  Probe (Chrono Boost)  
  34  3:22  Adept  
  36  3:32  Probe (Chrono Boost)  
  37  3:36  Forge  
  37  3:37  Adept  
  39  3:43  Probe (Chrono Boost)  
  39  3:48  Adept  
  43  3:56  Probe (Chrono Boost)  
  43  4:02  Adept  
  43  4:08  Probe (Chrono Boost)  
  46  4:49  Protoss Ground Weapons Level 1  
  46  4:54  Stalker  
  46  4:56  Gateway  
  46  4:57  Pylon  
  48  5:02  Nexus  
  48  5:03  Stalker  
  50  5:15  Stalker  
  52  5:24  Stalker  
  52  5:25  Pylon  
  54  5:28  Robotics Facility  
  54  5:37  Sentry  
  56  5:47  Stalker  
  58  5:54  Twilight Council  
  58  5:56  Sentry  
  60  6:09  Photon Cannon  
  60  6:15  Observer  
  60  6:16  Probe (Chrono Boost)  
  60  6:17  Probe (Chrono Boost)  
  63  6:23  Blink  
  63  6:28  Probe (Chrono Boost)  
  63  6:29  Probe (Chrono Boost)  
  65  6:35  Observer  
  65  6:36  Photon Cannon, Protoss Ground Armor Level 1  
  65  6:39  Probe (Chrono Boost)  
  68  6:41  Probe (Chrono Boost)  
  68  6:46  Pylon  
  68  6:50  Probe (Chrono Boost)  
  68  6:52  Probe (Chrono Boost)  
  70  6:55  Pylon  
  71  7:02  Probe (Chrono Boost)  
  71  7:04  Probe (Chrono Boost)  
  71  7:05  Stargate  
  72  7:14  Probe (Chrono Boost)  
  72  7:15  Probe (Chrono Boost)  
  74  7:25  Probe (Chrono Boost)  
  74  7:27  Probe (Chrono Boost)  
  76  7:30  Assimilator  
  76  7:36  Probe (Chrono Boost)  
  77  7:38  Assimilator, Probe (Chrono Boost)  
  78  7:47  Probe (Chrono Boost)  
  79  7:53  Probe (Chrono Boost)  
  81  7:58  Probe (Chrono Boost)  
  81  8:04  Probe (Chrono Boost)  
  82  8:10  Probe (Chrono Boost)  
  83  8:15  Probe (Chrono Boost)  
  84  8:40  Void Ray, Warp Prism  
  90  8:49  Pylon  
  90  8:51  Nexus  
  90  9:07  Protoss Air Weapons Level 1  
  90  9:09  Pylon  
  90  9:12  Warp Prism  
  88  9:19  Void Ray  
  82  9:34  Pylon  
  82  9:35  Fleet Beacon  
  76  9:46  Observer  
  77  9:58  Robotics Facility  
  77  9:59  Oracle  
  77  10:04  Probe (Chrono Boost)  
  77  10:05  Warp Prism  
  77  10:06  Probe (Chrono Boost)  
  83  10:07  Assimilator, Probe (Chrono Boost)  
  83  10:11  Assimilator  
  85  10:16  Probe (Chrono Boost)  
  85  10:17  Probe (Chrono Boost)  
  85  10:18  Probe (Chrono Boost)  
  88  10:27  Probe (Chrono Boost)  
  90  10:28  Probe (Chrono Boost)  
  90  10:30  Probe (Chrono Boost)  
  90  10:33  Phoenix  
  91  10:38  Probe (Chrono Boost)  
  91  10:39  Probe (Chrono Boost)  
  91  10:41  Probe (Chrono Boost)  
  96  10:50  Photon Cannon  
  96  10:53  Void Ray, Protoss Air Armor Level 1  
  96  11:00  Photon Cannon  
  100  11:04  Photon Cannon  
  73  11:27  Warp Prism  
  73  11:29  Stalker  
  73  11:32  Zealot  
  72  11:36  Stalker  
  72  11:38  Warp Prism  
  61  11:48  Phoenix  
  61  11:53  Zealot  
  53  11:56  Stalker  
  53  12:01  Warp Prism  
  53  12:02  Stalker  
  53  12:12  Immortal  
  53  12:13  Zealot  
  58  12:17  Tempest  
  58  12:21  Zealot  
  53  12:25  Zealot  
  52  12:32  Zealot  
  52  12:36  Immortal  
  39  12:40  Zealot  
  40  12:44  Probe (Chrono Boost)  
  40  12:46  Stalker  
  40  12:51  Nexus  
  40  12:55  Probe (Chrono Boost)  
  20  13:06  Probe (Chrono Boost)  
  20  13:08  Pylon  
  19  13:17  Probe (Chrono Boost)  
  20  13:22  Pylon  
  20  13:25  Stalker  
  19  13:28  Zealot  
  19  13:29  Probe (Chrono Boost)  
Tags
 
Add a new tag
Caveats
  • Supply blocks, unpowered buildings, or Contaminate may cause inaccurate times.
  • Supply counts are checked every 10 seconds.